 Dungeon Crawl Stone Soup version 0.20-a0-1050-g57248f3 (webtiles) character file.

102 Gorglomux the Skirmisher (level 4, -1/44 HPs)
             Began as a Hill Orc Assassin on Apr 25, 2017.
             Slain by a goblin (3 damage)
             ... led by Robin
             ... on level 2 of the Dungeon.
             The game lasted 00:04:31 (1767 turns).

Gorglomux the Skirmisher (Hill Orc Assassin)        Turns: 1767, Time: 00:04:32

Health: -1/44      AC:  3    Str: 13    XL:     4   Next: 78%
Magic:  4/4        EV: 11    Int: 11    God:
Gold:   58         SH:  0    Dex: 13    Spells: 3/3 levels left

rFire    + . .     SeeInvis .   a - +0 mace
rCold    . . .     Gourm    .   (no shield)
rNeg     . . .     Faith    .   c - +0 robe
rPois    .         Spirit   .   (no helmet)
rElec    .         Reflect  .   d - +0 cloak
rCorr    .         Harm     .   (no gloves)
MR       .....                  (no boots)
Stlth    ++........             (no amulet)
Regen    0.2/turn               q - ring of protection from fire {rF+, !d}
MPRegen  0.1/turn               (no ring)

@: no status effects
A: no striking features
a: no special abilities


You were on level 2 of the Dungeon.
You were not hungry.

You visited 1 branch of the dungeon, and saw 2 of its levels.

You collected 58 gold pieces.

Inventory:

Hand Weapons
 a - a +0 mace (weapon)
   (You found it on level 1 of the Dungeon)
 b - a +0 blowgun
 j - a +2 dagger
Missiles
 e - 19 poisoned needles
 f - 2 curare-tipped needles
Armour
 c - a +0 robe (worn)
 d - a +0 cloak (worn)
Jewellery
 q - a ring of protection from fire (left hand) {rF+, !d}
   (You found it on level 2 of the Dungeon)
Scrolls
 h - a scroll of recharging {unknown}
 i - 2 scrolls of remove curse
 l - a scroll of enchant weapon {unknown}
 m - 2 scrolls of magic mapping {unknown}
 n - a scroll of enchant armour {unknown}
 o - 4 scrolls of identify
Potions
 k - a potion of curing
 r - a potion of heal wounds {unknown}
Comestibles
 g - 3 bread rations {@e1@e1}
 p - a meat ration {@e2@e2}


   Skills:
 + Level 5.8 Fighting
 - Level 2.0 Short Blades
 - Level 1.7 Throwing
 - Level 0.7 Dodging
 - Level 3.2 Stealth


You had 3 spell levels left.
You didn't know any spells.

Dungeon Overview and Level Annotations

Branches:
Dungeon (2/15)

Altars:

Annotations:
D:2 Robin


Message History

A kobold comes into view. It is wielding a whip.
The kobold shouts!
The kobold throws a stone.
The stone hits you but does no damage.
You see here a stone.
A kobold is nearby!
A kobold is nearby!
The kobold hits you with a whip.
You take 1 damage, and have 43/44 hp.
You closely miss the kobold. The kobold hits you with a whip. x2
A hobgoblin comes into view. It is wielding a club.
You take 4 damage, and have 39/44 hp.
You hit the kobold but do no damage. The kobold misses you.
You closely miss the kobold. The kobold barely misses you.
You hit the kobold but do no damage. The kobold hits you with a whip.
The kobold misses you.
You take 1 damage, and have 38/44 hp.
You barely miss the kobold. The kobold closely misses you.
You hit the kobold.
You kill the kobold!
The hobgoblin barely misses you.
You closely miss the hobgoblin.
The hobgoblin hits you but does no damage.
You closely miss the hobgoblin. The hobgoblin closely misses you.
You hit the hobgoblin. The hobgoblin barely misses you.
You barely miss the hobgoblin. The hobgoblin hits you with a club. x2
You take 4 damage, and have 35/44 hp.
You closely miss the hobgoblin. The hobgoblin barely misses you.
You hit the hobgoblin.
You kill the hobgoblin!
Things that are here:
a club; a whip No target in view!
There isn't anything to butcher here.
Found a stone staircase leading down.
You regained 4 hp, and now have 39/44 hp.
There is a stone staircase leading down here.
You see here 8 stones.
Found a stone staircase leading up.
You see here 8 stones.
A goblin comes into view. It is wielding a club.
Health restored: 44 A goblin is nearby!
A goblin and Robin come into view.
There are monsters nearby!
The goblin shouts!
The goblin hits you with a club.
You take 6 damage, and have 38/44 hp.
You hit the goblin.
You kill the goblin!
The goblin wields a hunting sling.
The goblin shoots a stone.
The stone closely misses you. Robin throws the goblin at you!
The goblin unwields an uncursed hunting sling.
The goblin hits you.
You take 4 damage, and have 34/44 hp.
You closely miss the goblin. The goblin closely misses you.
You completely miss the goblin. The goblin hits you.
Robin roars a battlecry!
The goblin goes into a battle-frenzy!
You hear a shout!
You closely miss the goblin. The goblin barely misses you.
Robin roars a battlecry!
The goblin goes into a battle-frenzy!
The goblin hits you.
The goblin shouts!
You hear a shout!
You take 5 damage, and have 29/44 hp.
You barely miss the goblin. The goblin hits you.
You take 1 damage, and have 28/44 hp.
Unknown command.
The goblin barely misses you. Robin closely misses you.
Robin throws the goblin at you!
You barely miss the goblin. The goblin hits you but does no damage.
You sock the goblin!
You kill the goblin!
The goblin barely misses you. Robin throws the goblin at you!
The goblin hits you.
A goblin comes into view.
You take 3 damage, and have 25/44 hp.
The goblin shouts!
You sock the goblin!
You kill the goblin!
The goblin wields a hunting sling.
The goblin shoots a stone.
The stone hits you but does no damage. Robin misses you.
Items here: ( ))) †† an uncursed hunting sling; a club; a hunting sling; 38 stones; a goblin corpse x2
Robin roars a battlecry!
The hobgoblin goes into a battle-frenzy!
You hear a shout! x2
A goblin comes into view.
The goblin shoots a stone.
The stone hits you.
You see here a stone.
You take 5 damage, and have 20/44 hp.
Robin says, "My army is invincible!"
Robin roars a battlecry!
Robin throws the goblin at you! The goblin hits you.
There is a stone staircase leading down here.
You take 6 damage, and have 14/44 hp.
You hit the hobgoblin but do no damage. The hobgoblin hits you with a club!
* * * LOW HITPOINT WARNING * * *
The goblin hits you.
You die...

#.# #......# #.# #.#
####g#(# #.# #.#
#.#)# #.#
#.######g#.# #.#
#.##.......# #.#
#.##.......# #.#
#.......g.(# #.#
..........g#######.#
..........g.g..g@g.#
####.......#########
#.......# #########


You could see Robin, 2 hobgoblins and 2 goblins.

Vanquished Creatures
  Jessica (D:2)
  2 adders (D:2)
  A dart slug (D:2)
  3 leopard geckos
  4 giant cockroaches (D:1)
  14 goblins
  4 hobgoblins (D:2)
  7 kobolds
  3 bats
  4 frilled lizards
  10 rats
53 creatures vanquished.

Notes
Turn   | Place    | Note
-------+----------+-------------------------------------------
     0 | D:1      | Gorglomux the Hill Orc Assassin began the quest for the Orb.
     0 | D:1      | Reached XP level 1. HP: 18/18 MP: 1/1
    53 | D:1      | Reached skill level 3 in Fighting
    69 | D:1      | Reached XP level 2. HP: 24/26 MP: 2/2
   505 | D:1      | Reached skill level 4 in Fighting
   615 | D:1      | Reached XP level 3. HP: 33/33 MP: 3/3
  1163 | D:2      | Noticed Jessica
  1180 | D:2      | Killed Jessica
  1180 | D:2      | Reached skill level 5 in Fighting
  1180 | D:2      | Reached XP level 4. HP: 29/42 MP: 4/4
  1742 | D:2      | Noticed Robin
  1767 | D:2      | HP: 2/44 [hobgoblin/club[Robin] (12)]
  1767 | D:2      | Slain by a goblin

Vault maps used:
D:1:      onia_arrival_larder, minmay_tromino_v4_a
D:2:      uniq_robin, uniq_jessica

Skill      XL: |  1  2  3 |
---------------+----------+-----
Fighting       | 3 4 5 |  5.8
Short Blades   | |  2.0
Throwing       | |  1.7
Dodging        | |  0.7
Stealth        | |  3.2

Action                   |  1- 3 |  4- 6 || total
-------------------------+-------+-------++-------
Melee: Dagger            |    26 |       ||    26
       Mace              |    90 |    40 ||   130
 Fire: Blowgun           |     4 |     2 ||     6
  Use: Scroll            |     2 |       ||     2
 Stab: Sleeping          |    12 |     1 ||    13
  Eat: Chunk             |     1 |     2 ||     3
Armor: Robe              |    30 |    11 ||    41
Dodge: Dodged            |    81 |    27 ||   108

Vault maps used:
D:1:      onia_arrival_larder, minmay_tromino_v4_a
D:2:      uniq_robin, uniq_jessica

Table legend:
 A = Turns spent in this place as a percentage of turns spent in the entire game.
 B = Non-inter-level travel turns spent in this place as a percentage of non-inter-level travel turns spent in the entire game.
 C = Inter-level travel turns spent in this place as a percentage of turns spent in this place.
 D = Turns resting spent in this place as a percentage of non-inter-level travel turns spent in this place.
 E = Turns spent auto-exploring this place as a percentage of non-inter-level travel turns spent in this place.
 F = Non-inter-level travel turns spent in this place divided by the number of levels of this place that you've seen.
                   A       B       C       D       E      F
               +-------+-------+-------+-------+-------+----------------------
         Total | 100.0 | 100.0 |   0.1 |   2.3 |   7.9 | 394.5
       Dungeon | 100.0 | 100.0 |   0.1 |   2.3 |   7.9 | 394.5
               +-------+-------+-------+-------+-------+----------------------

Table legend:
 A = Kills in this place as a percentage of kills in entire the game.
 B = Kills by you in this place as a percentage of kills by you in the entire game.
 C = Kills by friends in this place as a percentage of kills by friends in the entire game.
 D = Other kills in this place as a percentage of other kills in the entire game.
 E = Experience gained in this place as a percentage of experience gained in the entire game.
 F = Experience gained in this place divided by the number of levels of this place that you have seen.
                   A       B       C       D       E      F
               +-------+-------+-------+-------+-------+----------------------
         Total | 100.0 | 100.0 |  -nan |  -nan | 100.0 |  73.5
       Dungeon | 100.0 | 100.0 |  -nan |  -nan | 100.0 |  73.5
               +-------+-------+-------+-------+-------+----------------------
